cohdb
Replays
Latest Replays
All Replays
Popular Replays
Top Player Replays
Match Explorer
How It Works
Community
CoH3 Stats
Reddit
Sign in to upload your games and track your stats! →
Sign in with Steam
Match 28181460
Unlisted
Match 28181460
Overview
Messages
Build Orders
End
Kettenkrad Recon Vehicle
Construct Infanterie Kompanie
Grenadier Squad
Selects Mechanized Battlegroup
Selects Mechanized Battlegroup
MG 42 Machine Gun Team
Grenadier Squad
Construct Luftwaffe Kompanie
Jäger Squad
Jäger Squad
Construct Panzergrenadier Kompanie
Pak 40 Anti-tank Gun Team
251 Medium Carrier
Seocheon
SSpro
^3
DIV 250 BigBoss
0
0
Comments
sign in to comment!
No comments posted yet!